 Dungeon Crawl Stone Soup version 0.29-a0-330-g52719c12eb (webtiles) character file.

Game seed: 4561365709037134436

123846 Olololo the Earth Mage (level 16, -2/90 HPs)
             Began as a Gargoyle Earth Elementalist on Apr 27, 2022.
             Was an Elder of Sif Muna.
             Killed from afar by a shock serpent (6 damage)
             ... with a bolt of electricity
             ... on level 3 of the Snake Pit on Apr 28, 2022.
             The game lasted 02:40:28 (45772 turns).

Olololo the Earth Mage (GrEE)                      Turns: 45772, Time: 02:40:30

Health: -2/90      AC: 29    Str: 15    XL:     16   Next: 91%
Magic:  8/32       EV:  9    Int: 24    God:    Sif Muna [****..]
Gold:   780        SH:  0    Dex: 10    Spells: 6/39 levels left

rFire   . . .      SeeInvis +   q - staff of earth
rCold   . . .      Faith    .   (no shield)
rNeg    + . .      Spirit   .   c - +4 troll leather armour
rPois   ∞          Reflect  .   R - +0 helmet
rElec   +          Harm     .   V - +2 cloak
rCorr   .          Rampage  .   u - +2 pair of gloves
Will    ++...                   O - +0 pair of boots
Stlth   ++++......              U - amulet "Peunwoch" {Regen+ Int+3 SInv}
HPRegen 1.85/turn               h - ring of wizardry
MPRegen 0.23/turn               S - ring of willpower

@: flying, constricted
A: sickness immunity, AC +12, big wings, negative energy resistance 1,
electricity resistance, torment resistance 1, petrification resistance
a: Renounce Religion, Channel Magic, Forget Spell, Divine Exegesis


You were on level 3 of the Snake Pit.
You worshipped Sif Muna.
Sif Muna was greatly pleased with you.
You visited 5 branches of the dungeon, and saw 28 of its levels.
You also visited: Sewer and Bailey.

You collected 2757 gold pieces.
You spent 1977 gold pieces at shops.

Inventory:

Hand Weapons
 t - a +6 vorpal quick blade
 w - a +1 vampiric dagger
Missiles
 a - 760 stones
 b - 4 throwing nets
 m - 6 curare-tipped darts
 D - 33 poisoned darts
 H - 14 silver boomerangs
 Y - 3 boomerangs of dispersal
Armour
 c - a +4 troll leather armour (worn)
 u - a +2 pair of gloves (worn)
 O - a +0 pair of boots (worn)
 R - a +0 helmet (worn)
 V - a +2 cloak (worn)
 W - a +1 robe of the Archmagi
Magical Staves
 q - a staff of earth (weapon)
Jewellery
 d - a ring of magical power
 h - a ring of wizardry (left hand)
 y - a ring of protection from cold
 P - a ring of protection from fire
 S - a ring of willpower (right hand)
 U - the amulet "Peunwoch" (around neck) {Regen+ Int+3 SInv}
   (You bought it in a shop on level 2 of the Orcish Mines)

   [amulet of regeneration]

   Int:       It affects your intelligence (+3).
   SInv:      It lets you see invisible.
   Regen:     It increases your rate of health regeneration.
Wands
 l - a wand of iceblast (1)
 B - a wand of flame (39) (quivered)
 C - a wand of polymorph (17)
 G - a wand of digging (4)
 J - a wand of acid (5)
 M - a wand of mindburst (8)
 Z - a wand of charming (9)
Scrolls
 g - 3 scrolls of blinking
 i - a scroll of holy word
 j - 6 scrolls of enchant weapon
 n - 7 scrolls of teleportation
 x - a scroll of fear
 F - 3 scrolls of vulnerability
 I - 3 scrolls of magic mapping
 K - 5 scrolls of fog
 N - a scroll of amnesia
 Q - 3 scrolls of silence
 X - 2 scrolls of immolation
Potions
 e - a potion of invisibility
 f - 6 potions of curing
 k - 8 potions of mutation
 o - 2 potions of cancellation
 p - 2 potions of haste
 r - 4 potions of brilliance
 s - 5 potions of might
 v - 6 potions of lignification
 z - 6 potions of attraction
 A - 4 potions of heal wounds
 L - 3 potions of resistance
 T - a potion of magic
Miscellaneous
 E - a condenser vane


   Skills:
 + Level 6.8 Fighting
 + Level 6.6 Short Blades
 - Level 4.0 Armour
 - Level 4.7 Dodging
 + Level 10.6 Stealth
 - Level 12.2 Spellcasting
 - Level 14.0 Conjurations
 - Level 3.8 Transmutations
 * Level 17.1 Earth Magic
 - Level 11.5 Invocations
 - Level 6.6 Evocations


You had 6 spell levels left.
You knew the following spells:

 Your Spells              Type           Power      Damage    Failure   Level
a - Sandblast             Erth           100%       2d20      0%          1
b - Passwall              Tmut/Erth      65%        N/A       1%          2
d - Stone Arrow           Conj/Erth      100%       3d13      1%          3
e - Petrify               Tmut/Erth      78%        N/A       1%          4
f - Mephitic Cloud        Conj/Pois/Air  37%        N/A       1%          3
g - Iskenderun's Battles  Conj           69%        2d12      1%          5
h - Orb of Destruction    Conj           34%        9d10      6%          7
i - Lehudib's Crystal Sp  Conj/Erth      47%        10d11     22%         8

Your spell library contained the following spells:

 Spells                   Type           Power      Damage    Failure   Level
 Magic Dart               Conj           100%       1d8       0%          1
 Foxfire                  Conj/Fire      100%       2x1d9     1%          1
 Sting                    Tmut/Pois      96%        1d7       1%          1
 Searing Ray              Conj           100%       2d8       1%          2
 Static Discharge         Conj/Air       48%        N/A       1%          2
 Dazzling Flash           Conj/Hex       96%        N/A       1%          3
 Flame Wave               Conj/Fire      48%        2d10      1%          4
 Fulminant Prism          Conj/Hex       24%        3d13      1%          4
 Hailstorm                Conj/Ice       48%        3d11      1%          4
 Sticky Flame             Conj/Fire      48%        2d7       1%          4
 Animate Skeleton         Necr           28%        N/A       2%          1
 Pain                     Necr           56%        1d6       2%          1
 Slow                     Hex            56%        N/A       2%          1
 Spider Form              Tmut/Pois      24%        N/A       2%          3
 Call Imp                 Summ           14%        N/A       3%          2
 Ensorcelled Hibernation  Hex/Ice        28%        N/A       3%          2
 Poisonous Vapours        Pois/Air       28%        N/A       3%          2
 Fireball                 Conj/Fire      24%        3d11      3%          5
 Portal Projectile        Hex/Tloc       28%        N/A       6%          3
 Summon Guardian Golem    Hex/Summ       14%        N/A       6%          3
 Swiftness                Air            14%        N/A       6%          3
 Vampiric Draining        Necr           14%        2d7       6%          3
 Freezing Cloud           Conj/Ice/Air   18%        6-21      9%          5
 Conjure Ball Lightning   Conj/Air       24%        3x3d7     17%         6
 Starburst                Conj/Fire      24%        6d8       17%         6
 Airstrike                Air            7%         N/A       21%         4
 Anguish                  Hex/Necr       7%         N/A       21%         4
 Dispel Undead            Necr           14%        3d10      21%         4
 Olgreb's Toxic Radiance  Pois           14%        N/A       21%         4
 Metabolic Englaciation   Hex/Ice        7%         N/A       47%         5
 Silence                  Hex/Air        7%         N/A       47%         5
 Shatter                  Erth           49%        3d37*     86%         9
 Malign Gateway           Summ/Tloc      7%         N/A       100%        7
 Summon Horrible Things   Summ           7%         N/A       100%        8
 Chain Lightning          Conj/Air       24%        3d32      100%        9
 Fire Storm               Conj/Fire      24%        8d6       100%        9


Dungeon Overview and Level Annotations

Branches:
Dungeon (15/15)            Temple (1/1) D:4            Lair (6/6) D:8
  Swamp (0/4) Lair:4        Snake (4/4) Lair:3        Slime (0/5) Lair:5
    Orc (2/2) D:12            Elf (0/3) Orc:2        Vaults (0/5) D:14
 Depths (0/4) D:15          Sewer (visited)          Bailey (visited)

Altars:
Ashenzari
Cheibriados
Dithmenos
Elyvilon
Fedhas
Gozag
Hepliaklqana
Kikubaaqudgha
Makhleb
Okawaru
Qazlal
Ru
Sif Muna
Trog
Uskayaw
Vehumet
Wu Jian
Xom
Yredelemnul
Zin
The Shining One
Beogh
Jiyva

Shops:
D:6 ?   Orc:1 !*?   Orc:2 =[?*   Snake:1 *   Snake:2 [

Portals:
Pandemonium: Orc:2

Annotations:
D:11 2 runed translucent doors, Angani's ghost, novice DrHu
Lair:1 2 transporters
Lair:4 exclusion: 3 oklob plants
Snake:1 6 transporters


Innate Abilities, Weirdness & Mutations

You are immune to sickness and miasma.
Your stone body is resilient. (AC +12)
You are immune to poison.
Your large and strong wings let you fly.
You resist negative energy. (rN+)
You are resistant to electric shocks. (rElec)
You are resistant to unholy torment.
You are immune to petrification.


Message History

The anaconda's grasp on you weakens, but your attempt to escape fails.
The anaconda bites you but does no damage.
The anaconda constricts you.
The anaconda bites you but does no damage.
The anaconda constricts you.
You escape the anaconda's grasp.
The naga warrior hits you from afar with a +0 glaive!
The anaconda grabs you.
You stop ascending the stairs.
The anaconda bites you. The anaconda constricts you.
The anaconda's grasp on you weakens, but your attempt to escape fails.
The anaconda bites you. The anaconda constricts you.
The naga warrior hits you from afar with a +0 glaive!!
The anaconda barely misses you. The anaconda constricts you.
You escape the anaconda's grasp.
The anaconda grabs you.
You stop ascending the stairs.
The anaconda bites you but does no damage.
The anaconda constricts you.
The naga warrior hits you but does no damage.
The shock serpent bites you but does no damage.
Unknown command.
Blink to where?
Press: ? - help, Dir - move target, p - naga warrior The anaconda's grasp on you weakens, but your attempt to escape fails.
As you read the scroll of blinking, it crumbles to dust.
The anaconda bites you but does no damage.
The anaconda constricts you.
The shock serpent shoots out a bolt of lightning at you!
The bolt of electricity hits you. You resist. The bolt of electricity hits you.
You resist.
The naga warrior hits you from afar with a +0 glaive.
* * * LOW HITPOINT WARNING * * *
The anaconda bites you!
* * * LOW HITPOINT WARNING * * *
The anaconda constricts you.
* * * LOW HITPOINT WARNING * * *
The shock serpent shoots out a bolt of lightning at you!
The bolt of electricity hits you. You resist.
* * * LOW HITPOINT WARNING * * *
The bolt of electricity hits you. You resist.
You die...

..###........ ####.
#.......... #...#
##...........
#...###......#.... ...
#......#....##... ....
#.....##.###..... ....
##....N#.## ##.# ...
#..)NS...# ##.###.# .
#....S@##..##...#..##..
###...## . #|......#.
#...## #.#..####..
#....## ##..>).....
##...<## ####....N.
##....## ##)...#
###...## #.....#
##...## ##†..). ##...##
##....))


You could see a naga warrior (curare), an anaconda, a shock serpent and a naga
(strong).

Vanquished Creatures
  Aizul (Snake:3)
  An emperor scorpion (D:15)
  Nessos (D:13)
  A dire elephant (D:15)
  Josephine (D:14)
  Erolcha (D:11)
  An ogre mage (D:13)
  An ice dragon (Lair:6)
  4 naga warriors
  3 catoblepae (Lair:6)
  3 demonspawn (Orc:2)
  A salamander tyrant (Snake:4)
  2 anacondas (Snake:3)
  6 boulder beetles
  11 hydras
  5 centaur warriors
  6 two-headed ogres
  4 death yaks
  5 naga sharpshooters (Snake:1)
  2 tengu warriors (D:13)
  A soul eater (Orc:2)
  3 orc high priests (Orc:2)
  2 shock serpents
  Nergalle (Lair:1)
  The ghost of kae the Firebug, a novice DgFE (D:7)
  A naga ritualist (Snake:3)
  5 orc knights (Orc:2)
  A deep elf pyromancer (D:9)
  3 lindwurms
  5 mana vipers
  9 orc sorcerers (Orc:2)
  9 ugly things
  3 manticores
  2 cyclopes
  8 elephants
  4 salamanders
  A salamander (shapeshifter) (D:12)
  22 black mambas
  A water nymph (shapeshifter) (D:15)
  A rust devil (Orc:2)
  Maurice (D:8)
  2 guardian serpents
  7 naga magi
  5 torpor snails (Lair:6)
  10 cane toads
  4 unseen horrors
  2 kobold demonologists
  4 rime drakes
  9 komodo dragons
  A tengu conjurer (D:13)
  3 trolls
  10 polar bears
  8 hornets
  3 tyrant leeches (Lair:6)
  6 slime creatures
  11 blink frogs
  3 raiju (Lair:6)
  7 dream sheep (Lair:4)
  6 shadows
  4 vampires
  37 yaks
  4 wyverns
  A ynoxinul (Orc:2)
  6 wraiths
  2 steam dragons (D:8)
  18 vampire mosquitoes
  2 basilisks (Lair:3)
  A chaos spawn (Orc:2)
  Eustachio (D:6)
  7 wargs
  2 acid dragons
  15 nagas
  14 hell hounds (Lair:6)
  16 water moccasins
  An ice beast (D:7)
  Pargi (Sewer)
  2 sky beasts
  14 black bears
  10 ogres
  50 orc warriors
  12 centaurs
  28 wolves
  2 phantoms
  6 kobold brigands
  14 bullfrogs
  3 gnoll sergeants
  7 scorpions
  A wight (D:7)
  18 killer bees
  8 electric eels
  3 howler monkeys
  2 gnoll shamans
  32 orc priests
  3 hounds (D:5)
  3 jellies
  Ijyb (D:3)
  2 iguanas
  21 orc wizards
  A gnoll (shapeshifter) (D:14)
  16 gnolls
  7 adders
  2 shadow imps
  14 white imps
  3 ufetubi
  A worm (D:2)
  2 dart slugs
  128 orcs
  3 bats
  5 endoplasms
  4 giant cockroaches
  8 hobgoblins
  A quokka (D:1)
  5 ball pythons
  8 frilled lizards
  13 goblins
  8 kobolds
  6 rats
854 creatures vanquished.

Vanquished Creatures (collateral kills)
  A bullfrog (D:7)
1 creature vanquished.

Vanquished Creatures (others)
  A wolf (Lair:6)
  An orc wizard (D:13)
  A kobold (D:8)
  46 fungi
  56 plants
105 creatures vanquished.

Grand Total: 960 creatures vanquished

Notes
Turn   | Place    | Note
-------+----------+-------------------------------------------
     0 | D:1      | Olololo the Gargoyle Earth Elementalist began the quest for
                  | the Orb.
     0 | D:1      | Reached XP level 1. HP: 10/10 MP: 3/3
   334 | D:1      | Reached XP level 2. HP: 15/15 MP: 3/5
   369 | D:1      | Learned a level 2 spell: Passwall
   677 | D:1      | Learned a level 2 spell: Searing Ray
  1233 | D:2      | Reached XP level 3. HP: 19/19 MP: 6/6
  1359 | D:2      | Reached skill level 1 in Fighting
  1359 | D:2      | Reached skill level 1 in Conjurations
  1563 | D:2      | Reached XP level 4. HP: 25/25 MP: 7/7
  1694 | D:2      | Identified a scroll of acquirement
  1694 | D:2      | Acquired a staff of earth
  1937 | D:3      | Found a hide-covered altar of Uskayaw.
  2142 | D:3      | Found a faded altar of an unknown god.
  2214 | D:3      | Reached skill level 1 in Transmutations
  2291 | D:3      | Noticed Ijyb
  2507 | D:3      | Killed Ijyb
  2543 | D:3      | Reached skill level 4 in Earth Magic
  2543 | D:3      | Reached XP level 5. HP: 8/30 MP: 8/8
  3186 | D:4      | Found a shadowy altar of Dithmenos.
  3478 | D:4      | Found a glowing drain.
  3489 | Sewer    | Entered a sewer
  3520 | Sewer    | Noticed Pargi
  3532 | Sewer    | Killed Pargi
  3533 | Sewer    | Reached XP level 6. HP: 22/35 MP: 2/10
  3777 | D:4      | Reached skill level 5 in Earth Magic
  3803 | D:4      | Learned a level 3 spell: Stone Arrow
  3945 | D:4      | Found a staircase to the Ecumenical Temple.
  3976 | Temple   | Entered the Ecumenical Temple
  4011 | Temple   | Became a worshipper of Sif Muna the Loreminder
  4347 | D:4      | HP: 1/35 [ogre/+0 giant club (26)]
  4684 | D:5      | Entered Level 5 of the Dungeon
  4719 | D:5      | Reached XP level 7. HP: 40/40 MP: 9/12
  4770 | D:5      | Noticed a vampire
  5115 | D:5      | Learned a level 4 spell: Petrify
  5231 | D:5      | Found a bloodstained altar of Trog.
  5276 | D:5      | Reached skill level 1 in Invocations
  5294 | D:5      | Noticed a yak
  5294 | D:5      | Noticed a yak
  5295 | D:5      | Noticed a yak
  5321 | D:5      | Reached skill level 6 in Earth Magic
  5505 | D:6      | Reached XP level 8. HP: 17/44 MP: 7/14
  5508 | D:6      | Reached * piety under Sif Muna
  5805 | D:6      | Reached skill level 7 in Earth Magic
  5805 | D:6      | Reached skill level 5 in Invocations
  6111 | D:6      | Noticed Eustachio
  6127 | D:6      | Killed Eustachio
  6188 | D:6      | Found Baich's Magic Scroll Shoppe.
  6608 | D:7      | Found a transporter.
  6612 | D:7      | Noticed kae's ghost (novice DgFE)
  6715 | D:7      | Noticed a boulder beetle
  6847 | D:7      | Noticed a slime creature
  6868 | D:7      | Found a transporter.
  6875 | D:7      | Noticed a yak
  6875 | D:7      | Noticed a yak
  6901 | D:7      | Reached skill level 8 in Earth Magic
  6901 | D:7      | Reached XP level 9. HP: 33/48 MP: 10/15
  7222 | D:7      | Reached skill level 1 in Short Blades
  7222 | D:7      | Reached skill level 1 in Armour
  7552 | D:7      | Noticed a cyan ugly thing
  8432 | D:7      | Reached ** piety under Sif Muna
  8556 | D:8      | Found a staircase to the Lair.
  8556 | D:8      | Noticed an elephant
  8575 | D:8      | Reached skill level 5 in Stealth
  8575 | D:8      | Reached XP level 10. HP: 53/53 MP: 2/16
  8666 | D:8      | Reached skill level 5 in Spellcasting
  8779 | D:8      | Noticed Maurice
  8793 | D:8      | Killed Maurice
  8969 | D:8      | Reached skill level 5 in Conjurations
  9060 | D:8      | Killed an elephant
  9459 | D:8      | Found a burning altar of Makhleb.
  9524 | D:8      | Found a blossoming altar of Fedhas.
  9967 | D:8      | Identified the +4 ring mail "Diusom" {Dex+4}
 10749 | D:9      | Noticed a deep elf pyromancer
 10760 | D:9      | Killed a deep elf pyromancer
 10921 | D:9      | Found an iron altar of Okawaru.
 10986 | D:9      | Identified the +4 war axe "Widowermaker" {vorpal, rElec
                  | Str+4}
 11219 | D:10     | Entered Level 10 of the Dungeon
 11292 | D:10     | Found an ornate altar of the Wu Jian Council.
 11322 | D:10     | Found a flagged portal.
 11331 | Bailey   | Entered a bailey
 11355 | Bailey   | Reached XP level 11. HP: 57/57 MP: 10/18
 11685 | Bailey   | Reached skill level 9 in Earth Magic
 11982 | Bailey   | Reached *** piety under Sif Muna
 12820 | Bailey   | Identified the +3 ring mail of Qaeshuci {rC+}
 12822 | Bailey   | Identified the +8 executioner's axe "Ilekyada" {vorpal,
                  | Dex+2}
 13137 | D:10     | Noticed a two-headed ogre
 13560 | D:10     | Noticed a two-headed ogre
 13593 | D:10     | Killed a two-headed ogre
 13947 | D:10     | Killed a two-headed ogre
 13948 | D:10     | Reached skill level 10 in Earth Magic
 14241 | D:5      | Found a snail-covered altar of Cheibriados.
 14382 | D:5      | Found a white marble altar of Elyvilon.
 14418 | D:5      | Reached **** piety under Sif Muna
 14740 | D:5      | Reached skill level 10 in Invocations
 14828 | D:5      | Found a stormy altar of Qazlal.
 15576 | D:11     | Noticed a seven-headed hydra
 15615 | D:10     | Found a broken altar of Ashenzari.
 15695 | D:10     | Noticed a two-headed ogre
 15708 | D:10     | Killed a two-headed ogre
 15854 | D:10     | Found a sacrificial altar of Ru.
 16196 | D:11     | Killed a seven-headed hydra
 16197 | D:11     | Reached XP level 12. HP: 58/66 MP: 16/20
 16310 | D:11     | Noticed Erolcha
 16904 | Lair:1   | Entered Level 1 of the Lair of Beasts
 17081 | Lair:1   | Noticed Nergalle
 17102 | Lair:1   | Killed Nergalle
 17241 | Lair:1   | Reached skill level 5 in Fighting
 17360 | Lair:1   | Found a transporter.
 17519 | Lair:1   | Found a transporter.
 19082 | Lair:2   | Noticed a five-headed hydra
 19107 | Lair:2   | Killed a five-headed hydra
 19269 | Lair:2   | Noticed a six-headed hydra
 19293 | Lair:2   | Killed a six-headed hydra
 19294 | Lair:2   | Reached skill level 11 in Earth Magic
 20012 | Lair:3   | Found a staircase to the Snake Pit.
 20072 | Lair:3   | Found a frozen archway.
 20139 | Lair:3   | Reached ***** piety under Sif Muna
 20518 | Lair:3   | Reached skill level 10 in Conjurations
 20750 | Lair:3   | Received a gift from Sif Muna
 20753 | Lair:3   | Got Sif Muna's Tome of Destructive Companions {god gift}
 20759 | Lair:3   | Learned a level 3 spell: Mephitic Cloud
 20774 | Lair:3   | Reached skill level 12 in Earth Magic
 21028 | Lair:3   | Reached XP level 13. HP: 61/74 MP: 8/22
 21456 | D:6      | Bought a scroll of acquirement for 572 gold pieces
 21456 | D:6      | Bought a scroll of silence for 82 gold pieces
 21457 | D:6      | Acquired a +6 quick blade
 21720 | Lair:4   | Learned a level 5 spell: Iskenderun's Battlesphere
 21897 | Lair:4   | Reached skill level 1 in Evocations
 22172 | Lair:4   | Found a staircase to the Swamp.
 22359 | Lair:4   | Identified the +5 quarterstaff of Jeitot {venom, rElec
                  | Will++ rCorr Int-4}
 22485 | Lair:5   | Learned a level 1 spell: Magic Dart
 22624 | D:6      | Bought a scroll of amnesia for 38 gold pieces
 23122 | Lair:5   | Reached skill level 5 in Evocations
 24430 | Lair:5   | Found a staircase to the Slime Pits.
 24432 | Lair:5   | Found a viscous altar of Jiyva.
 25294 | Lair:6   | Entered Level 6 of the Lair of Beasts
 26022 | D:11     | Killed Erolcha
 26307 | D:11     | Found a large runed translucent door.
 26307 | D:11     | Found a large runed translucent door.
 26324 | D:11     | Reached skill level 13 in Earth Magic
 26392 | D:11     | Gained mutation: Your large and strong wings let you fly.
                  | [Gargoyle growth]
 26392 | D:11     | Reached XP level 14. HP: 80/80 MP: 22/26
 26560 | D:11     | Noticed Angani's ghost (novice DrHu)
 27085 | D:12     | You are sucked into a shaft and drop 1 floor!
 27086 | D:13     | Paralysed by an ogre mage for 5 turns
 27174 | D:13     | Noticed Nessos
 27189 | D:13     | Killed Nessos
 27342 | D:12     | Identified the +6 flail "Hubb" {drain, Dex+2}
 27655 | D:12     | Reached skill level 5 in Short Blades
 28071 | D:12     | Found a staircase to the Orcish Mines.
 28154 | Orc:1    | Entered Level 1 of the Orcish Mines
 28376 | Orc:1    | Found Gutoll's Assorted Antiques.
 28398 | Orc:1    | Bought a scroll of teleportation for 96 gold pieces
 28408 | Orc:1    | Found Xayrhora's Magic Scroll Shop.
 28511 | Orc:2    | Entered Level 2 of the Orcish Mines
 28750 | Orc:1    | Received a gift from Sif Muna
 28755 | Orc:1    | Got Sif Muna's Disquisition on Harmful Hexes {god gift}
 28922 | Orc:2    | Found a staircase to the Elven Halls.
 28930 | Orc:1    | Found Hawocs's Distillery.
 29146 | Orc:1    | Bought a potion of heal wounds for 55 gold pieces
 29146 | Orc:1    | Bought a potion of magic for 88 gold pieces
 29457 | Orc:2    | Learned a level 7 spell: Orb of Destruction
 30077 | Orc:2    | Found Ziymmeso's General Store.
 30082 | Orc:2    | Found Vaudoan's Magic Scroll Shoppe.
 30705 | Orc:2    | Reached skill level 10 in Stealth
 31783 | Orc:2    | HP: 3/80 [orc knight/+1 great sword (18)]
 32128 | Orc:2    | Paralysed by an orc sorcerer for 3 turns
 32882 | Orc:2    | Paralysed by an orc sorcerer for 5 turns
 32894 | Orc:2    | Found Ziliarr's Jewellery Shop.
 32894 | Orc:2    | Found a one-way gate leading to the halls of Pandemonium.
 32894 | Orc:2    | Found Xiam's Antique Armour Boutique.
 32913 | Orc:2    | Bought the amulet "Peunwoch" {Regen+ Int+3 SInv} for 712
                  | gold pieces
 32932 | Orc:2    | Bought a pair of runed gloves for 232 gold pieces
 33719 | D:13     | Reached XP level 15. HP: 84/84 MP: 4/28
 34431 | D:13     | Reached skill level 10 in Spellcasting
 35594 | D:14     | Received a gift from Sif Muna
 35661 | D:14     | Noticed Josephine
 35668 | D:14     | Killed Josephine
 36007 | D:14     | Found a gate to the Vaults.
 36045 | D:15     | Entered Level 15 of the Dungeon
 36181 | D:15     | Found a staircase to the Depths.
 36189 | D:15     | Noticed an emperor scorpion
 37052 | D:15     | Found an ancient bone altar of Kikubaaqudgha.
 37943 | D:15     | Killed an emperor scorpion
 38513 | D:7      | Killed kae's ghost
 38650 | D:7      | Identified the +1 leather armour "Qiham" {Contam rElec
                  | Str+9 Dex-4}
 38883 | Lair:6   | Received a gift from Sif Muna
 38888 | Lair:6   | Got Sif Muna's Grimoire of Earthen Air {god gift}
 38899 | Lair:6   | Learned a level 8 spell: Lehudib's Crystal Spear
 39494 | Lair:6   | Found a runed translucent door.
 39766 | Lair:6   | Reached skill level 14 in Earth Magic
 40110 | Lair:6   | Reached XP level 16. HP: 88/88 MP: 25/31
 41519 | Lair:6   | Reached skill level 15 in Earth Magic
 41950 | Lair:6   | Received a gift from Sif Muna
 42279 | Snake:1  | Entered Level 1 of the Snake Pit
 42866 | Snake:1  | Reached skill level 16 in Earth Magic
 43161 | Snake:1  | Found a transporter.
 43162 | Snake:1  | Found a transporter.
 43166 | Snake:1  | Found a transporter.
 43177 | Snake:1  | Found a transporter.
 43206 | Snake:1  | Found a transporter.
 43223 | Snake:1  | Found a transporter.
 43542 | Snake:1  | Found Gacoxaes's General Store.
 43555 | Snake:1  | Bought a scroll of fear for 42 gold pieces
 43555 | Snake:1  | Bought a scroll of fog for 24 gold pieces
 43555 | Snake:1  | Bought a scroll of teleportation for 36 gold pieces
 43905 | Snake:2  | Found a hazy altar of Hepliaklqana.
 44377 | Snake:2  | Found Ceunkin Qus's Armour Shoppe.
 44618 | Snake:3  | Noticed Aizul
 44622 | Snake:4  | Entered Level 4 of the Snake Pit
 45503 | Snake:3  | Reached skill level 17 in Earth Magic
 45705 | Snake:3  | Killed Aizul
 45772 | Snake:3  | HP: 4/90 [shock serpent/bolt of electricity (5)]
 45772 | Snake:3  | Killed from afar by a shock serpent

Illustrated notes

Levels and vault maps discovered:
D:1:      dpeg_arrival_morbid_curiosity, layout_loops_corners,
          dk_noncrumbling_3, nicolae_figureground_sparkle
D:2:      minmay_door_path, layout_basic, kennysheep_generic_room_3
D:3:      layout_basic, mainiacjoe_overflow_alcove_2,
          hellmonk_ecumenical_altar_crossroads, minmay_goblin_kobold_house,
          uniq_ijyb
D:4:      layout_loops_ring, grunt_dithmenos_smoke_and_mirrors,
          minmay_temple_entry_glassed_door, portal_sewer_entry_e,
          minmay_ogre_servants
D:5:      layout_layer_cave, nicolae_qazlal_general_emergency,
          mainiacjoe_overflow_concentric_impassable,
          mainiacjoe_overflow_catwalk, trog_three_pillars_becter, serial_glass,
          glass_columns_a, glass_columns_a, corexii_leaking_fountain,
          minmay_misc_feat_tiny
D:6:      layout_loops_ring, serial_shops, nicolae_shop_stone, uniq_eustachio
D:7:      layout_loops_ring, nzn_ghost_randoct
D:8:      layout_rooms, fedhas_altar_fruit_tree,
          mainiacjoe_overflow_surrounded_room, david_lair_generic, uniq_maurice
D:9:      layout_layer_cave, okawaru_ov_weapons_minmay
D:10:     layout_irregular_city, marbit_many_paths,
          nicolae_overflow_crystal_walls, lemuel_tele_altar, enter_bailey_8,
          minmay_alternating_orb
D:11:     cheibrodos_helix_gallery, layout_cave_pools,
          ebering_ghost_disaster_area, uniq_erolcha
D:12:     layout_gridville, david_orc_2, special_room [special_room_orc],
          nicolae_figureground_pulse
D:13:     layout_roguey, uniq_nessos
D:14:     layout_roguey, david_vaults_4, serial_bayou_pond_e, uniq_josephine
D:15:     hangedman_depths_entry_try_elsewhere_first, layout_loops_ring,
          minmay_misc_feat_four_crosses, st_stairs_10,
          nicolae_kikubaaqudgha_miasma_corner
Temple:   eino_wide_crystal_templ
Lair:1:   gammafunk_cloud_chamber, layout_cellular_growth, uniq_nergalle
Lair:2:   layout_small_grid, guppyfry_lair_drakes, infiniplex_staircase_pool_2,
          serial_bayou_shore_a, lemuel_fruit_tree
Lair:3:   layout_gridlike, guppyfry_snake_entry_island,
          portal_ice_cave_entry_imps
Lair:4:   layout_roguey, minmay_swamp_entry_swarm, disabler_island,
          serial_bayou_shore_b, grunt_megastairs_2, infiniplex_staircase_pool
Lair:5:   layout_gridlike, slime_altar_1
Lair:6:   hangedman_lair_caniforms_friends, layout_layer_cave, wormcave,
          st_stairs_4, minivault_26, wad_woods_road_02,
          grunt_forest_small_clearing_treed
Snake:1:  layout_onion_interference, serial_shops, nicolae_lakefront_shop,
          serial_nicolae_subway, nicolae_sub_station_crystal,
          nicolae_sub_station_metal, nicolae_sub_station_stone
Snake:2:  layout_basic, serial_shops, nicolae_shop_stone, basic_altar
Snake:3:  layout_layer_cave, uniq_aizul
Snake:4:  minmay_snake_end_coiled, layout_gridlike, st_stairs_6,
          nicolae_snake_biting_tails, minmay_shop_star
Orc:1:    layout_caves, serial_shops, nicolae_shop_hallway_plus,
          nicolae_square_shop, nicolae_shop_trees
Orc:2:    pf_orc_diabolical, layout_caves

Skill      XL: |  1  2  3  4  5  6  7  8  9 10 11 12 13 14 15 16 |
---------------+-------------------------------------------------+-----
Stealth        | 3 4 5 8 10 | 10.6
Fighting       | 1 2 4 6 |  6.8
Conjurations   | 1 3 6 8 10 11 12 14 | 14.0
Transmutations | 1 2 3 |  3.8
Earth Magic    | 4 5 6 8 10 12 13 14 17 | 17.1
Spellcasting   | 3 4 5 6 8 9 11 12 | 12.2
Invocations    | 3 7 11 | 11.5
Short Blades   | 4 6 |  6.6
Armour         | 4 |  4.0
Evocations     | 6 |  6.6
Dodging        | 4 |  4.7

Action                   |  1- 3 |  4- 6 |  7- 9 | 10-12 | 13-15 | 16-18 || total
-------------------------+-------+-------+-------+-------+-------+-------++-------
Melee: Mace              |    27 |    48 |    61 |       |       |       ||   136
       Staff             |       |    97 |     4 |   119 |   339 |   166 ||   725
       Punch             |       |     1 |       |     3 |    15 |     4 ||    23
       Dagger            |       |       |    13 |   143 |     9 |     4 ||   169
       Quick blade       |       |       |       |       |   392 |   116 ||   508
Throw: Dart              |       |     6 |       |     3 |    28 |     3 ||    40
       Stone             |       |     2 |       |     1 |       |       ||     3
       Boomerang         |       |       |       |     3 |     1 |       ||     4
 Cast: Sandblast         |    16 |    22 |    36 |    75 |    91 |    32 ||   272
       Searing Ray       |       |     1 |     8 |    10 |     1 |       ||    20
       Stone Arrow       |       |     2 |    47 |   171 |   422 |   195 ||   837
       Petrify           |       |       |     3 |    65 |   105 |    18 ||   191
       Passwall          |       |       |     1 |     3 |     8 |     3 ||    15
       Iskenderun's Batt |       |       |       |       |     7 |     2 ||     9
       Magic Dart        |       |       |       |       |    17 |     3 ||    20
       Mephitic Cloud    |       |       |       |       |    51 |    16 ||    67
       Orb of Destructio |       |       |       |       |     7 |    26 ||    33
Invok: Channel Magic     |       |       |     1 |     3 |     2 |     2 ||     8
       Forget Spell      |       |       |       |       |       |     1 ||     1
Evoke: Wand              |       |       |     2 |     6 |    22 |     6 ||    36
       Condenser vane    |       |       |       |     1 |     1 |       ||     2
  Use: Scroll            |     5 |     5 |     5 |    12 |    16 |     4 ||    47
       Potion            |       |       |     1 |     5 |     6 |     2 ||    14
 Stab: Sleeping          |     1 |     1 |     3 |     7 |     4 |     1 ||    17
       Petrified         |       |       |     8 |    99 |   202 |    25 ||   334
       Petrifying        |       |       |     2 |     3 |     2 |     2 ||     9
       Confused          |       |       |       |       |    33 |     8 ||    41
       Distracted        |       |       |       |       |     1 |     1 ||     2
       Paralysed         |       |       |       |       |     1 |       ||     1
Armor: Robe              |     9 |    77 |    41 |       |       |       ||   127
       Steam dragon scal |       |       |       |    94 |       |       ||    94
       Ring mail         |       |       |       |   221 |   215 |       ||   436
       Troll leather arm |       |       |       |       |   523 |   375 ||   898
Dodge: Dodged            |    17 |   107 |    80 |   241 |   609 |   362 ||  1416
Block: Other             |       |     2 |    27 |   129 |   135 |       ||   293
       Reflection        |       |       |     1 |     6 |     2 |       ||     9

Table legend: (Time is in decaauts)
 A = Elapsed time spent in this place.
 B = Non-inter-level travel time spent in this place.
 C = Inter-level travel time spent in this place.
 D = Time resting spent in this place.
 E = Time spent auto-exploring this place.
 F = Levels seen in this place.
 G = Mean time per level.
                   A        B        C        D        E       F      G
               +--------+--------+--------+--------+--------+-----+--------+
         Total |  45660 |  41880 |   3780 |  17777 |   5927 |  30 | 1522.0 |
       Dungeon |  23694 |  21438 |   2256 |   8398 |   4667 |  15 | 1579.6 |
        Temple |     57 |     35 |     22 |      0 |      0 |   1 |   57.0 |
          Lair |  12176 |  10948 |   1228 |   4952 |    917 |   6 | 2029.3 |
     Snake Pit |   3138 |   3071 |     67 |   1585 |      0 |   4 |  784.5 |
  Orcish Mines |   4704 |   4498 |    206 |   1835 |    343 |   2 | 2352.0 |
         Sewer |    289 |    289 |      0 |    113 |      0 |   1 |  289.0 |
        Bailey |   1599 |   1599 |      0 |    894 |      0 |   1 | 1599.0 |
               +--------+--------+--------+--------+--------+-----+--------+

Top non-repeatable levels by time:
   Orc:2: 3910 daAuts
  Lair:6: 3437 daAuts
  Lair:2: 2163 daAuts
  Lair:4: 2158 daAuts
    D:10: 2058 daAuts
     D:7: 2050 daAuts
    D:15: 2001 daAuts
    D:12: 1964 daAuts
     D:6: 1863 daAuts
     D:5: 1827 daAuts
  Lair:3: 1694 daAuts
     D:8: 1692 daAuts
  Lair:5: 1624 daAuts
  Bailey: 1599 daAuts
     D:9: 1590 daAuts
